 Dungeon Crawl Stone Soup version 0.22-a0-351-g29664b4 (webtiles) character file.

431 vishdafish the Ducker (level 6, -10/43 HPs)
             Began as an Octopode Earth Elementalist on Apr 13, 2018.
             Splashed by Ijyb's acid (11 damage)
             ... on level 4 of the Dungeon.
             The game lasted 00:07:42 (3328 turns).

vishdafish the Ducker (Octopode Earth Elementalist) Turns: 3328, Time: 00:07:46

Health: -10/43     AC: -3    Str:  8    XL:     6   Next: 99%
Magic:  5/12       EV: 15    Int: 19    God:
Gold:   161        SH:  0    Dex: 12    Spells: 8/13 levels left

rFire    . . .     SeeInvis .   w - +0 spear
rCold    . . .     Gourm    .   (no shield)
rNeg     . . .     Faith    .   (helmet restricted)
rPois    .         Spirit   .   (no amulet)
rElec    .         Reflect  .   k - ring of wizardry
rCorr    .         Harm     .   (no ring)
MR       .....                  (no ring)
Stlth    +++.......             (no ring)
HPRegen  0.14/turn              (no ring)
MPRegen  0.13/turn              (no ring)
                                (no ring)
                                (no ring)

@: corroded, very slightly contaminated
A: almost no armour, stealthy swim, amphibious, 8 rings, constrict 8, camouflage
1, gelatinous body 1
a: no special abilities


You were on level 4 of the Dungeon.
You were hungry.

You visited 1 branch of the dungeon, and saw 4 of its levels.

You collected 161 gold pieces.

Inventory:

Hand Weapons
 f - a +0 hand axe
 r - a +0 war axe
 w - a +0 spear (weapon)
Missiles
 b - 16 stones (quivered)
 o - a throwing net
 z - 13 arrows
Jewellery
 k - a ring of wizardry (left tentacle)
Wands
 y - a wand of digging (15)
Scrolls
 e - 2 scrolls of fear {unknown}
 g - 3 scrolls of amnesia
 h - a scroll of noise
 m - a scroll of blinking {unknown}
 n - 5 scrolls of remove curse {unknown}
 p - 2 scrolls of random uselessness {unknown}
 s - a scroll of teleportation {unknown}
 t - 3 scrolls of identify {unknown}
 v - a scroll of enchant weapon {unknown}
 x - 2 scrolls of fog {unknown}
Potions
 a - 2 potions of flight {unknown}
 d - 2 potions of agility {unknown}
 i - 2 potions of cancellation {unknown}
 j - a potion of brilliance {unknown}
 l - 2 potions of curing {unknown}
 q - 2 potions of haste {unknown}
 u - a potion of lignification {unknown}
Comestibles
 c - 8 rations


   Skills:
 + Level 3.7 Fighting
 * Level 0.5 Polearms
 - Level 4.3 Dodging
 - Level 2.6 Stealth
 - Level 4.1 Spellcasting
 + Level 1.1 Transmutations
 - Level 3.0 Earth Magic


You had 8 spell levels left.
You knew the following spells:

 Your Spells              Type           Power        Failure   Level  Hunger
a - Sandblast             Erth           ###...       1%          1    None
b - Passwall              Tmut/Erth      ##........   3%          2    ##.....
c - Sticks to Snakes      Tmut           #.......     5%          2    ##.....


Dungeon Overview and Level Annotations

Branches:
Dungeon (4/15)
 Temple: D:4-7

Altars:
Sif Muna

Annotations:
D:4 Ijyb


Innate Abilities, Weirdness & Mutations

You cannot wear most types of armour.
You are very stealthy in the water. (Stealth+)
You are amphibious.
You can wear up to eight rings at the same time.
You can use your tentacles to constrict eight enemies at once.
Your skin changes colour to match your surroundings (Stealth+).
Your rubbery body absorbs attacks. (AC +1, EV +1)


Message History

Confirm with . or Enter, or press ? or * to list all spells.
You miscast Sticks to Snakes.
You are very lightly contaminated with residual magic.
The air around you crackles with energy!
Your ball python bites Ijyb but does no damage.
Your ball python constricts Ijyb.
Ijyb struggles to escape constriction.
Casting: Sticks to Snakes (safe; 5% risk of failure)
Confirm with . or Enter, or press ? or * to list all spells.
You create a snake!
You now have 13 arrows.
Your ball python bites Ijyb but does no damage.
Your ball python constricts Ijyb.
Ijyb struggles to escape constriction.
Your ball python bites Ijyb but does no damage.
Your ball python constricts Ijyb.
Ijyb escapes!
You swap places.
Ijyb zaps a wand.
The bolt of acid hits your ball python.
Your ball python is splashed with acid.
Your ball python dies!
The bolt of acid hits you!
* * * LOW HITPOINT WARNING * * *
The acid corrodes you!
You are splashed with acid!
The acid burns!
You die...

# .# ###. #..
#.# #@# #.# #.#
#g# #S#
#...†.....#
........#####.#
#########


You could see Ijyb and a friendly ball python.

Vanquished Creatures
  Grinder (D:3)
  2 orc wizards (D:3)
  Jessica (D:3)
  Robin (D:3)
  8 adders
  An ooze (D:1)
  A worm (D:2)
  3 dart slugs
  A leopard gecko (D:3)
  2 orcs (D:3)
  2 giant cockroaches
  11 goblins
  10 hobgoblins
  4 jackals (D:2)
  A quokka (D:2)
  4 bats
  4 frilled lizards
  6 kobolds
  7 rats
70 creatures vanquished.

Vanquished Creatures (collateral kills)
  A ball python (D:4)
1 creature vanquished.

Vanquished Creatures (others)
  A bat (D:2)
1 creature vanquished.

Grand Total: 72 creatures vanquished

Notes
Turn   | Place    | Note
-------+----------+-------------------------------------------
     0 | D:1      | vishdafish the Octopode Earth Elementalist began the quest for the Orb.
     0 | D:1      | Reached XP level 1. HP: 11/11 MP: 3/3
   311 | D:1      | Reached XP level 2. HP: 12/18 MP: 5/5
   412 | D:1      | Learned a level 2 spell: Passwall
   445 | D:1      | Reached skill level 1 in Fighting
   747 | D:2      | Reached XP level 3. HP: 23/23 MP: 6/6
  1505 | D:2      | Reached XP level 4. HP: 16/29 MP: 8/8
  1834 | D:3      | Noticed Robin
  1845 | D:3      | Killed Robin
  1922 | D:3      | Reached XP level 5. HP: 27/35 MP: 7/9
  2399 | D:3      | Found a deep blue altar of Sif Muna.
  2489 | D:3      | Identified Sif Muna's Handbook of Enhancements
  2612 | D:3      | Noticed Grinder
  2634 | D:3      | Killed Grinder
  2634 | D:3      | Reached XP level 6. HP: 18/42 MP: 0/12
  3054 | D:3      | Noticed Jessica
  3059 | D:3      | Killed Jessica
  3250 | D:3      | Learned a level 2 spell: Sticks to Snakes
  3318 | D:4      | Noticed Ijyb
  3328 | D:4      | HP: 1/43 [Ijyb/wand of acid (4) (20)]
  3328 | D:4      | Splashed by Ijyb's acid

Vault maps used:
D:1:      lemuel_arrival_hallway
D:2:      st_stairs_3, lemuel_another_geyser
D:3:      led_sif_book, minmay_item_behind_shaft, kennysheep_flooded_box,
          uniq_jessica, uniq_robin, uniq_grinder
D:4:      lemuel_coloured_pillars_altar,
          grunt_temple_overflow_champion_of_chaos, first_ration,
          nicolae_tso_besieged_by_evil, uniq_ijyb

Skill      XL: |  1  2  3  4  5 |
---------------+----------------+-----
Fighting       | 1 2 3 |  3.7
Dodging        | 3 4 |  4.3
Spellcasting   | 3 4 |  4.1
Polearms       | |  0.5
Stealth        | |  2.6
Transmutations | |  1.1
Earth Magic    | |  3.0

Action                   |  1- 3 |  4- 6 || total
-------------------------+-------+-------++-------
Melee: Hand axe          |    80 |     3 ||    83
       Unarmed           |     6 |       ||     6
       Constrict         |    17 |     8 ||    25
       Tentacles         |     9 |     3 ||    12
       War axe           |       |    37 ||    37
       Spear             |       |     2 ||     2
 Cast: Sandblast         |     1 |    33 ||    34
       Sticks to Snakes  |       |     3 ||     3
  Use: Scroll            |     2 |       ||     2
 Stab: Sleeping          |     9 |     7 ||    16
  Eat: Chunk             |     2 |     5 ||     7
Armor: Skin              |    13 |     4 ||    17
Dodge: Dodged            |    61 |    33 ||    94

Table legend:
 A = Spawn XP
 B = Non-spawn XP
 C = Spawn XP percentage of total XP
 D = Spawn monster count
 E = Non-spawn monster count
 F = Spawn count percentage of total count
 G = Total turns spent on level
                    A         B        C        D         E        F      G
               +---------+---------+-------+---------+---------+-------+---------
         Total |       0 |     616 |   0.0 |       0 |      71 |   0.0 |  3328
               +---------+---------+-------+---------+---------+-------+---------
           D:1 |       0 |      27 |   0.0 |       0 |      14 |   0.0 |   729
           D:2 |       0 |     102 |   0.0 |       0 |      30 |   0.0 |  1101
           D:3 |       0 |     486 |   0.0 |       0 |      26 |   0.0 |  1488
           D:4 |       0 |       1 |   0.0 |       0 |       1 |   0.0 |    10
               +---------+---------+-------+---------+---------+-------+---------
